 Dungeon Crawl Stone Soup version 0.30-a0-135-g630cfc4551 (webtiles) character file.

Game seed: 3044365068659378439

3289 Monzz the Nimble (level 9, -2/41 HPs)
             Began as a Felid Summoner on Sept 20, 2022.
             Was an Initiate of Gozag.
             Killed from afar by an electric eel (8 damage)
             ... with a bolt of electricity
             ... on level 8 of the Dungeon.
             The game lasted 01:17:07 (11994 turns).

Monzz the Nimble (Felid Summoner)                  Turns: 11994, Time: 01:17:07

Health: -2/41      AC:  6    Str:  4    XL:     9   Next: 69%
Magic:  20/20      EV: 26    Int: 21    God:    Gozag
Gold:   244        SH:  0    Dex: 16    Spells: 5/21 levels left
                                        Lives:  0   Deaths: 2

rFire   . . .      SeeInvis +    (weapon unavailable)
rCold   . . .      Faith    .    (shield unavailable)
rNeg    . . .      Spirit   .    (body armour unavailable)
rPois   .          Reflect  .    (helmet unavailable)
rElec   .          Harm     .    (cloak unavailable)
rCorr   .          Rampage  .    (gloves unavailable)
Will    +....                    (boots unavailable)
Stlth   +.........               i - amulet of magic regeneration
HPRegen 0.13/turn                c - +4 ring of evasion
MPRegen 0.57/turn                m - +4 ring of protection

@: very slow
A: very small, claws 1, fangs 3, see invisible, speed 1, shaggy fur 2, stealthy
paws, no weapons or thrown items, no armour, multi-lived
a: Renounce Religion, Potion Petition, Call Merchant, Bribe Branch


You were on level 8 of the Dungeon.
You worshipped Gozag.
Gozag was aware of your devotion.
You visited 2 branches of the dungeon, and saw 9 of its levels.

You collected 357 gold pieces.
You paid 113 gold pieces to Gozag.

Inventory:

Jewellery
 b - a ring of flight
 c - a +4 ring of evasion (left paw)
 e - an amulet of reflection
 g - an amulet of regeneration
 i - an amulet of magic regeneration (around neck)
 m - a +4 ring of protection (right paw)
Wands
 p - a wand of flame (11)
Scrolls
 d - a scroll of fear
 f - a scroll of blinking {unknown}
 s - a scroll of identify
 t - 2 scrolls of poison {unknown}
Potions
 a - a potion of magic
 h - 2 potions of curing
 j - a potion of flight {unknown}
 k - 2 potions of brilliance
 l - a potion of mutation
 n - a potion of haste {unknown}
 o - a potion of resistance {unknown}
 q - a potion of heal wounds


   Skills:
 + Level 6.2 Fighting
 + Level 8.8 Dodging
 - Level 2.6 Stealth
 + Level 6.6 Spellcasting
 - Level 5.0 Hexes
 + Level 8.0 Summonings
 + Level 3.6 Air Magic


You had 5 spell levels left.
You knew the following spells:

 Your Spells              Type           Power      Damage    Failure   Level
a - Summon Small Mammal   Summ           100%       N/A       1%          1
b - Call Imp              Summ           40%        N/A       1%          2
c - Call Canine Familiar  Summ           40%        N/A       1%          3
d - Summon Guardian Gole  Hex/Summ       34%        N/A       1%          3
e - Summon Lightning Spi  Summ/Air       31%        N/A       9%          4
f - Tukima's Dance        Hex            28%        N/A       3%          3

Your spell library contained the following spells:

 Spells                   Type           Power      Damage    Failure   Level
 Slow                     Hex            100%       N/A       1%          1
 Confusing Touch          Hex            28%        N/A       3%          3
 Freeze                   Ice            28%        1d5       9%          1
 Frozen Ramparts          Ice            14%        1d3       26%         3
 Vampiric Draining        Necr           7%         2d6       26%         3
 Hailstorm                Conj/Ice       7%         3d4       65%         4
 Olgreb's Toxic Radiance  Pois           7%         N/A       65%         4
 Blade Hands              Tmut           3%         N/A       94%         5
 Ozocubu's Refrigeration  Ice            3%         4d8       100%        7
 Ignition                 Fire           3%         3d4       100%        8
 Portal Projectile        Hex/Tloc       Unusable   N/A       N/A         3

Dungeon Overview and Level Annotations

Branches:
Dungeon (8/15)             Temple (1/1) D:7
   Lair: D:8-11

Altars:
Ashenzari
Cheibriados
Gozag
Hepliaklqana
Kikubaaqudgha
Makhleb
Nemelex Xobeh
Qazlal
Vehumet
Xom

Shops:
D:1 [


Innate Abilities, Weirdness & Mutations

You have sharp claws.
You have razor-sharp teeth.
You have supernaturally acute eyesight. (SInv)
You cover ground quickly. (Speed+)
You are covered in thick fur. (AC +2)
Your paws help you pounce on unaware monsters.
You are incapable of wielding weapons or throwing items.
You cannot wear armour.
You gain extra lives every three experience levels.


Message History

Your crimson imp blinks!
There is an open door here.
You swap places.
There is a stone staircase leading down here.
You climb downwards.
Your summoned ally is left behind.
There is a stone staircase leading up here.
An electric eel comes into view.
Found 9 gold pieces.
Found a book of Geomancy.
An electric eel comes into view.
Found a stone staircase leading down.
You see here 9 gold pieces. 2 orcs come into view.
You see here a book of Geomancy.
An orc and an orc wizard come into view.
An electric eel comes into view.
An electric eel comes into view.
The orc shouts! x2; The orc wizard shouts!
The orc shouts!
The electric eel shoots out a bolt of lightning at you!
The bolt of electricity hits the electric eel.
The electric eel completely resists.
The bolt of electricity hits you!
The electric eel moves out of view.
As you read the scroll of teleportation, it crumbles to dust.
You feel strangely unstable.
The electric eel shoots out a bolt of lightning at you!
The bolt of electricity hits you!
Your surroundings suddenly seem different.
Splash!
You fall into the shallow water.
Moving in this stuff is going to be slow.
A jelly and 2 electric eels come into view.
The jelly quivers.
The electric eel shoots out a bolt of lightning at you!
The bolt of electricity hits you!
* * * LOW HITPOINT WARNING * * *
The electric eel shoots out a bolt of lightning at you!
The bolt of electricity hits the electric eel.
The electric eel completely resists.
The bolt of electricity hits you!
You die...
Your body crumbles into a pile of gold.

≈≈≈~♣ #...#
P♣~≈≈≈≈≈≈SSSP♣#...#
~~P≈≈≈≈≈≈≈≈~~~.^..#
♣♣~~≈≈≈≈≈≈≈ ♣...oo
♣~~~≈≈≈≈≈≈P ♣#...#
J~~≈≈≈≈≈≈S #...#
~P~≈≈≈≈≈~~♣♣##:o..
♣P~S≈~≈~~SP♣.$##.o
♣@~~~~~~~~♣P#.##..
♣~P~PP~P~~~.#.##..
~~~~~~~♣~~~.#.####
##♣~~~~PS~ #.#.#
~~~~~~~ #.#.#
♣~~~P♣♣##.#.#
~~♣♣♣.##.#.# .~♣
#.##.#.# $ #.##.#.#


You could see a jelly and 4 electric eels.

Vanquished Creatures
  Blork the orc (D:5)
  An orc priest (D:4)
  A shadow imp (D:5)
  2 giant cockroaches
  A hobgoblin (D:1)
  A ball python (D:4)
7 creatures vanquished.

Vanquished Creatures (collateral kills)
  A yak (D:7)
  2 water moccasins
  An ice beast (D:6)
  A sky beast (D:6)
  An ogre (D:7)
  2 kobold brigands (D:7)
  4 scorpions
  2 jellies (D:6)
  3 hounds
  An orc priest (D:7)
  5 orc wizards
  Terence (D:2)
  2 iguanas (D:6)
  10 adders
  8 gnolls
  2 shadow imps
  3 white imps
  4 worms
  A dart slug (D:3)
  16 orcs
  5 bats
  3 endoplasms
  4 giant cockroaches
  5 hobgoblins
  3 jackals (D:1)
  7 quokkas
  5 ball pythons
  3 frilled lizards
  5 goblins
  15 kobolds
  3 rats
128 creatures vanquished.

Vanquished Creatures (others)
  A two-headed ogre (D:5)
  A troll (D:6)
  3 yaks (D:7)
  A steam dragon (D:6)
  An acid dragon (D:5)
  2 water moccasins (D:6)
  An orc warrior (D:7)
  A black bear (D:6)
  An ogre (D:6)
  A scorpion (D:6)
  A gnoll sergeant (D:7)
  A necrophage (D:6)
  A howler monkey (D:6)
  A gnoll (D:7)
  An adder (D:6)
  A shadow imp (D:6)
  3 orcs
22 creatures vanquished.

Grand Total: 157 creatures vanquished

Notes
Turn   | Place    | Note
-------+----------+-------------------------------------------
     0 | D:1      | Monzz the Felid Summoner began the quest for the Orb.
     0 | D:1      | Reached XP level 1. HP: 7/7 MP: 4/4
   782 | D:1      | Reached XP level 2. HP: 11/11 MP: 4/6
   785 | D:1      | Learned a level 2 spell: Call Imp
  1222 | D:1      | Found Qitemiph's Armour Shop.
  1481 | D:1      | Reached XP level 3. HP: 14/14 MP: 5/8
  1711 | D:1      | Learned a level 3 spell: Call Canine Familiar
  1722 | D:2      | Found a faded altar of an unknown god.
  1892 | D:2      | Noticed Terence
  3286 | D:3      | Reached XP level 4. HP: 18/18 MP: 7/9
  3290 | D:3      | Learned a level 3 spell: Summon Guardian Golem
  3639 | D:2      | Killed Terence
  4110 | D:3      | Found a burning altar of Makhleb.
  4161 | D:3      | Reached skill level 1 in Hexes
  4250 | D:3      | Reached skill level 5 in Summonings
  4398 | D:3      | Reached XP level 5. HP: 21/21 MP: 2/11
  4403 | D:3      | Reached skill level 1 in Fighting
  4967 | D:4      | Found a large runed translucent door.
  4977 | D:4      | Found a large runed translucent door.
  5984 | D:4      | Found a hazy altar of Hepliaklqana.
  5992 | D:4      | Found a radiant altar of Vehumet.
  6055 | D:5      | Entered Level 5 of the Dungeon
  6055 | D:5      | Noticed a phantom
  6150 | D:5      | Noticed an acid dragon
  6740 | D:4      | Gained mutation: You are covered in thick fur. (AC +2)
                  | [Felid growth]
  6740 | D:4      | Reached XP level 6. HP: 25/25 MP: 2/12
  6991 | D:5      | Noticed a water moccasin
  7004 | D:5      | Killed an acid dragon
  7016 | D:5      | Killed a water moccasin
  7340 | D:5      | Reached XP level 7. HP: 29/30 MP: 10/14
  8018 | D:5      | Noticed a two-headed ogre
  8325 | D:6      | Noticed Blork the orc
  8325 | D:6      | Noticed a steam dragon
  8469 | D:6      | Killed by an exploding themself... ignited by their inner
                  | flame
  8470 | D:6      | Reached XP level 6. HP: -3/27 MP: 5/13
  8472 | D:6      | Noticed a water moccasin
  8472 | D:6      | Noticed a troll
  8493 | D:6      | Killed a water moccasin
  8494 | D:6      | Reached skill level 5 in Dodging
  8549 | D:6      | Killed a steam dragon
  8550 | D:6      | Reached XP level 7. HP: 31/31 MP: 2/14
  8565 | D:5      | Killed Blork the orc
  8566 | D:5      | Reached skill level 5 in Hexes
  8579 | D:5      | Mangled by a two-headed ogre
  8580 | D:5      | Reached XP level 6. HP: -7/28 MP: 1/14
  8642 | D:5      | Killed a two-headed ogre
  8643 | D:5      | Reached skill level 5 in Spellcasting
  8643 | D:5      | Reached XP level 7. HP: 33/33 MP: 7/16
  8723 | D:5      | Learned a level 4 spell: Summon Lightning Spire
  8874 | D:6      | Reached XP level 8. HP: 36/36 MP: 4/17
  9048 | D:6      | Reached skill level 1 in Air Magic
  9216 | D:6      | Killed a troll
  9338 | D:6      | Reached skill level 5 in Fighting
  9733 | D:6      | Reached XP level 9. HP: 18/40 MP: 11/19
 11136 | D:7      | Found a flagged portal.
 11529 | D:7      | Found a staircase to the Ecumenical Temple.
 11538 | Temple   | Entered the Ecumenical Temple
 11557 | Temple   | Became a worshipper of Gozag Ym Sagoz the Greedy
 11897 | D:7      | Learned a level 3 spell: Tukima's Dance
 11994 | D:8      | Killed from afar by an electric eel

Illustrated notes

Levels and vault maps discovered:
D:1:      nzn_arrival_crosshair, layout_loops_ring, serial_shops,
          nicolae_shop_stone
D:2:      layout_loops_corners, basic_ecumenical_altar, uniq_terence
D:3:      layout_basic, bloody_makhleb, gup_sewer_entry_bowl
D:4:      layout_basic, jmf_multi_god_temple2
D:5:      layout_basic, dk_noncrumbling_2, nrook_mini_backslash,
          nicolae_fountain_basement
D:6:      minmay_razor_zed, layout_basic, minmay_microvault, uniq_blork_the_orc
D:7:      layout_gridville, lemuel_temple_firewalk_a, enter_bailey_2
D:8:      layout_basic, serial_shops, shop, solitary_fountain,
          serial_bayou_lake_a, uniq_pikel
Temple:   compressed_dpeg_circular_temple

Skill      XL: |  1  2  3  4  5  6  7  8  9 |
---------------+----------------------------+-----
Spellcasting   | 3 5 6 |  6.6
Hexes          | 1 2 3 5 |  5.0
Dodging        | 3 6 7 8 |  8.8
Summonings     | 5 6 7 8 |  8.0
Fighting       | 1 4 5 6 |  6.2
Air Magic      | 2 3 |  3.6
Stealth        | |  2.6

Action                   |  1- 3 |  4- 6 |  7- 9 || total
-------------------------+-------+-------+-------++-------
Melee: Unarmed           |    12 |    23 |     2 ||    37
       Bite              |       |     2 |     1 ||     3
 Cast: Summon Small Mamm |    53 |    17 |    15 ||    85
       Call Imp          |    14 |    21 |    16 ||    51
       Call Canine Famil |     3 |    25 |    38 ||    66
       Summon Guardian G |       |     8 |    31 ||    39
Evoke: Wand              |       |     2 |     2 ||     4
  Use: Scroll            |     2 |     6 |     4 ||    12
       Potion            |       |     4 |       ||     4
 Stab: Distracted        |       |     1 |       ||     1
Armor: Skin              |       |     9 |     5 ||    14
Dodge: Dodged            |    27 |    61 |    47 ||   135

Table legend: (Time is in decaauts)
 A = Elapsed time spent in this place.
 B = Non-inter-level travel time spent in this place.
 C = Inter-level travel time spent in this place.
 D = Time resting spent in this place.
 E = Time spent auto-exploring this place.
 F = Levels seen in this place.
 G = Mean time per level.
                   A        B        C        D        E       F      G
               +--------+--------+--------+--------+--------+-----+--------+
         Total |  10664 |  10442 |    222 |   3293 |   3651 |   9 | 1184.9 |
       Dungeon |  10635 |  10425 |    210 |   3293 |   3650 |   8 | 1329.4 |
        Temple |     29 |     17 |     12 |      0 |      0 |   1 |   29.0 |
               +--------+--------+--------+--------+--------+-----+--------+

Top non-repeatable levels by time:
     D:5: 1872 daAuts
     D:6: 1620 daAuts
     D:4: 1586 daAuts
     D:1: 1571 daAuts
     D:2: 1526 daAuts
     D:3: 1278 daAuts
     D:7: 1144 daAuts
     D:8: 35 daAuts
  Temple: 29 daAuts
